Map: Mech Depot LE

Players

Nerchio

  • Race: Zerg Zerg
  • Spawn Location: 7:00

TRUE - Winner!

  • Race: Zerg Zerg
  • Spawn Location: 1:00

Event: WCS Montreal 2017

VOD

Have the link to the VOD?

Description

Time

  • Played on: Sept. 9, 2017, 5:14 p.m.
  • Length: 6:45

All games in this series

Show
View Real Time Build Order
Export as new Build Order

Nerchio Zerg 

Build Orders: Hatch First 

Get SALT Encoding   

  12  0:00  Drone  
  13  0:13  Overlord  
  13  0:17  Drone  
  14  0:31  Drone x2  
  14  0:35  Drone  
  17  0:52  Hatchery  
  17  0:55  Drone  
  17  0:59  Drone  
  18  1:06  Extractor  
  17  1:14  Spawning Pool  
  17  1:17  Drone  
  17  1:21  Drone  
  18  1:30  Drone  
  19  1:39  Overlord  
  19  2:00  Queen  
  22  2:01  Zergling x4  
  22  2:04  Queen, Zergling x2  
  26  2:09  Metabolic Boost  
  26  2:13  Drone  
  27  2:16  Drone  
  27  2:22  Drone  
  29  2:27  Drone  
  30  2:34  Baneling Nest, Drone  
  30  2:36  Drone  
  31  2:54  Hatchery  
  31  2:56  Drone  
  31  3:01  Overlord  
  31  3:05  Drone  
  32  3:09  Drone x2  
  34  3:16  Drone x2  
  34  3:19  Baneling x2  
  36  3:24  Queen  
  38  3:28  Drone  
  38  3:29  Drone  
  38  3:31  Drone  
  41  3:35  Overlord  
  41  3:38  Drone  
  41  3:40  Drone  
  43  3:43  Overlord  
  43  3:49  Zergling x2  
  44  3:59  Lair  
  44  4:02  Drone  
  45  4:03  Drone x3  
  45  4:05  Evolution Chamber  
  45  4:07  Drone x3  
  50  4:13  Drone x2  
  50  4:15  Extractor, Drone  
  50  4:16  Extractor  
  50  4:21  Queen  
  50  4:24  Drone x2  
  54  4:27  Overlord  
  54  4:31  Drone x2  
  54  4:36  Roach Warren  
  55  4:42  Drone x2, Zerg Missile Weapons Level 1  
  57  4:45  Overlord  
  57  4:47  Baneling  
  57  4:48  Drone  
  57  4:50  Drone  
  57  4:51  Drone  
  61  4:52  Drone  
  61  4:54  Drone  
  61  4:58  Zergling x4  
  64  5:03  Drone  
  64  5:05  Zergling x6  
  68  5:08  Zergling x2  
  68  5:12  Zergling x2  
  68  5:13  Zergling x2  
  71  5:20  Overlord  
  71  5:23  Zergling x6  
  71  5:24  Zergling x2  
  71  5:25  Zergling x6  
  69  5:33  Baneling  
  69  5:34  Roach x2, Baneling  
  73  5:37  Roach x2  
  73  5:38  Roach  
  73  5:39  Roach  
  73  5:42  Roach  
  83  5:43  Baneling x2  
  83  5:45  Roach  
  83  5:47  Roach  
  83  5:49  Roach  
  89  5:55  Zergling x10  
  89  5:57  Roach  
  89  6:00  Roach  
  89  6:03  Roach  
  81  6:04  Roach  
  81  6:10  Roach  
  83  6:14  Roach x2  
  83  6:17  Overlord  
  87  6:19  Roach  
  87  6:21  Overlord  
  87  6:24  Baneling x2  
  87  6:25  Baneling x2  
Show
View Real Time Build Order
Export as new Build Order

TRUE Zerg - Winner!

Build Orders: Hatch First 

Get SALT Encoding   

  12  0:00  Drone  
  13  0:12  Overlord  
  13  0:17  Drone  
  14  0:30  Drone x2  
  14  0:34  Drone  
  17  0:52  Hatchery  
  17  0:55  Drone  
  17  1:08  Spawning Pool  
  17  1:10  Extractor  
  15  1:12  Drone  
  15  1:16  Drone  
  17  1:19  Drone  
  18  1:27  Drone  
  19  1:38  Overlord  
  19  1:54  Queen  
  19  1:55  Zergling x2  
  22  2:03  Queen  
  24  2:09  Metabolic Boost  
  24  2:13  Zergling x2  
  24  2:15  Zergling x2  
  26  2:27  Drone x4  
  30  2:32  Drone  
  30  2:36  Drone  
  32  2:49  Hatchery  
  31  2:53  Baneling Nest  
  31  2:58  Drone x3  
  32  3:03  Overlord  
  33  3:07  Drone  
  33  3:08  Drone  
  35  3:13  Drone  
  36  3:21  Queen  
  36  3:23  Drone x2  
  40  3:31  Drone x2  
  40  3:33  Lair  
  42  3:36  Overlord  
  42  3:39  Extractor  
  42  3:40  Drone  
  42  3:41  Drone  
  42  3:44  Drone  
  44  3:50  Extractor  
  44  3:51  Drone  
  44  3:54  Drone  
  44  3:55  Drone x3  
  48  3:56  Drone  
  48  4:00  Drone  
  48  4:01  Drone  
  51  4:12  Baneling x2  
  51  4:14  Zergling x2  
  51  4:15  Zergling x8  
  56  4:18  Zergling x4  
  56  4:20  Overlord  
  58  4:26  Extractor  
  58  4:28  Overlord  
  58  4:29  Overlord  
  57  4:33  Drone, Spire  
  57  4:38  Drone  
  58  4:40  Overlord  
  58  4:49  Drone x3  
  58  4:51  Drone x3  
  58  4:52  Drone x2  
  65  5:03  Baneling x2  
  65  5:05  Zergling x14  
  71  5:13  Zergling x2  
  72  5:15  Baneling x2  
  72  5:16  Zergling x2  
  72  5:20  Zergling x2  
  74  5:22  Zergling x2  
  74  5:23  Zergling x4  
  74  5:26  Zergling x6  
  74  5:28  Drone x3  
  77  5:31  Extractor  
  77  5:32  Extractor  
  77  5:34  Baneling x2  
  75  5:37  Zergling x4  
  75  5:38  Baneling x2  
  76  5:44  Zergling x6  
  76  5:45  Zergling x2, Baneling x2  
  76  5:46  Baneling x2  
  80  5:52  Mutalisk  
  81  5:59  Mutalisk  
  81  6:03  Mutalisk x2  
  73  6:04  Mutalisk x2  
  73  6:09  Overlord  
  73  6:10  Overlord  
  75  6:12  Overlord  
  75  6:14  Overlord  
  75  6:20  Overlord x2  
  75  6:27  Overlord  
Tags
 
Add a new tag
Caveats
  • Supply blocks, unpowered buildings, or Contaminate may cause inaccurate times.
  • Supply counts are checked every 10 seconds.